Peregrine, chaotic male elven Priest ------ |.....## |<...| # ----- --- --- |....| ## |... . .| |..`..### |...-------- .-------- -.| -.---- |...|+m]|..|------.|..|(((| +.| # ....|+.@|..|.....|.|..|(.(| |.| # |...|.@.||-|.._..|.-|-|..(|---.| # |...--f--..|.....|....--|--....| # ...........|... |.............| -.----- # # #|....G...{.-|-----.{...........| |......#############|...@..........................| |.....| # ` #|...--(--...........-+--|---...| |......####### ##|...|(..|-------.---| |...|...| |.....| #....|.((|..|...-.-..| |/?.|...| |......###### #|...|..(|..|...|.|..|--|[.*|...| |.....| |...-----|------.----..-----...| ------- |..............................| -------------------------------- Peregrine the Adept Experience level: 6 Strength: 15 Dexterity: 14 Constitution: 11 Intelligence: 12 Wisdom: 18 Charisma: 8 Health: 0(41) Energy: 89(89) Def: 9 Gold: 0 Moves: 4113 Dungeon seed: Ngz25rua37ZkQrG6 Game ID: Peregrine_1615993524 Your Inventory: Weapons a - a blessed +1 mace (weapon in hand) J - 48 +2 elven arrows (in quiver) L - a +0 elven bow (alternate weapon; not wielded) Armor c - a blessed +1 leather armor (being worn) e - a +0 robe (being worn) n - a +0 small shield (being worn) I - a blessed +1 pair of iron shoes (being worn) Comestibles d - a sprig of wolfsbane j - 4 food rations P - 2 tripe rations S - a fortune cookie Scrolls D - a cursed scroll of identify E - a scroll of identify Spellbooks G - a spellbook of remove curse H - a spellbook of detect monsters Rings l - a ring of poison resistance (on left hand) Wands N - a cursed wand of cold (0:7) O - a wand of enlightenment (0:12) Tools i - a skeleton key k - a towel o - a bag of holding u - 10 tallow candles (0:200) w - a tin whistle x - 2 wax candles (0:400) C - a skeleton key F - a blessed tallow candle (0:200) V - a partly used wax candle (0:274) Contents of the bag of holding: 18 +0 arrows a blessed +4 dagger 23 cursed +0 elven arrows a blessed rusty +0 mace a blessed +2 dwarvish cloak a +0 dwarvish cloak a +0 dwarvish cloak a +0 dwarvish cloak a +0 dwarvish cloak a +0 dwarvish cloak a +0 dwarvish cloak a cursed food ration 4 cursed lembas wafers a spellbook of detect unseen a spellbook of healing a cursed potion of booze 3 potions of holy water a potion of water a lock pick a +0 pick-axe a diamond a jet stone a worthless piece of black glass a worthless piece of blue glass a cursed worthless piece of blue glass 2 worthless pieces of violet glass 3 worthless pieces of white glass a cursed worthless piece of yellow glass Spells and supernatural/magical abilities: Name Level Category Fail Memory h - healing 1 healing 0% 80% U - detect unseen 3 divination 68% 80% W - pray for help -- divine ? -- X - turn undead -- divine ? -- Your skills at the end: Fighting Skills Weapon Skills mace [Basic] Spellcasting Skills clerical spells [Basic] Final Attributes: You were piously aligned. You were sleep resistant. You were poison resistant. You had infravision. You were held by a giant mimic. You are dead. Vanquished creatures: a dwarf king an imp a rock piercer a pony a shrieker 7 gnome lords 3 gnomish wizards a black naga hatchling 2 guardian naga hatchlings a gray ooze a straw golem 2 giant ants a little dog 2 kittens 8 dwarves a kobold lord 2 kobold shamans 3 giant bats a monkey an orc zombie 2 iguanas 8 killer bees an acid blob 2 coyotes a gas spore 4 hobbits a large kobold a giant rat 2 cave spiders a brown mold 19 gnomes 4 garter snakes a gecko 4 jackals 3 foxes 2 kobolds a sewer rat 3 grid bugs 9 lichens 3 kobold zombies 5 newts 118 creatures vanquished. Voluntary challenges: You used a wielded weapon 109 times, starting on turn 1. You read items or engraved 2 times, starting on turn 1369. You never genocided any monsters. You never polymorphed an object. You never changed form. You used no wishes. You never split a pudding. You never wrote Elbereth's name. You violated your moral code, losing 1 point of alignment, starting on turn 3144. Dungeon overview: The Dungeons of Doom: levels 1 to 2 Level 1 an altar to Loki, a fountain a long staircase Level 2 a general store, a fountain stairs to The Gnomish Mines The Gnomish Mines: levels 3 to 6 Level 3 stairs to The Dungeons of Doom Level 4 Level 5 Level 6 <- You were here many shops, a temple to Odin, some fountains History has recorded: On T:1 you entered the Dungeons of Doom to retrieve the Amulet of Yendor! On T:545 you reached level 2 of The Dungeons of Doom. On T:646 you advanced to experience level 2. On T:1065 you advanced to experience level 3. On T:1516 you reached level 1 of The Gnomish Mines. On T:1814 you advanced to experience level 4. On T:2329 you reached level 2 of The Gnomish Mines. On T:2352 you advanced to experience level 5. On T:2936 you reached level 3 of The Gnomish Mines. On T:3040 you advanced to experience level 6. On T:3721 you reached level 4 of The Gnomish Mines. Score breakdown: Gold: 0 ( 0 points) Experience: 6 levels (12456 points) Exploration: 6 levels ( 12.77%) ( 9890 points) Discoveries: 13 items ( 4.55%) ( 6396 points) Valuables value: (no points given unless you survive) Artifact value: 0 ( 0 points) Variety of kills: 41 monsters ( 10.76%) ( 9841 points) Turncount: 4113 turns (-1066 points) Survival: died (score multiplied by 80%) Total score: 30013 Latest messages: You stop. Qwerty is in the way! You see here 3 wax candles (78 zorkmids). "Hello, Peregrine! Welcome again to Nenagh's rare books!" You see here a cloth spellbook (400 zorkmids). "For you, esteemed sir; only 400 for this cloth spellbook." You have a little trouble lifting G - a cloth spellbook (unpaid, 400 zorkmids). You see here a dark green spellbook (133 zorkmids). "For you, esteemed sir; only 133 for this dark green spellbook." You have a little trouble lifting H - a dark green spellbook (unpaid, 133 zorkmids). Wait! That's a giant mimic! You hit the giant mimic. The giant mimic misses. The giant mimic hits! You miss the giant mimic. (2x) You hit the giant mimic! The giant mimic hits! (2x) You hit the giant mimic! You hit the giant mimic. You hit the giant mimic! The giant mimic hits! (2x) You die... Nenagh takes all your possessions. Final status: Goodbye Peregrine the Priest, killed by a giant mimic... You died in The Gnomish Mines on dungeon level 6 with 30013 points, and 0 pieces of gold, after 4113 moves. You were level 6 with a maximum of 41 hit points when you died.